 Dungeon Crawl Stone Soup version 0.19.5 (webtiles) character file.

35 devil0150 the Magician (level 3, -2/21 HPs)
             Began as a High Elf Wizard on Apr 11, 2017.
             Slain by a goblin
             ... wielding a +0 dagger
             ... led by Robin
              (9 damage)
             ... on level 1 of the Dungeon.
             The game lasted 00:04:36 (1402 turns).

devil0150 the Magician (High Elf Wizard)            Turns: 1402, Time: 00:04:36

Health: -2/21      AC:  2    Str:  6    XL:     3   Next: 16%
Magic:  0/10       EV: 13    Int: 22    God:
Gold:   59         SH:  0    Dex: 14    Spells: 1 memorised, 10 levels left

rFire  . . .     SeeInvis .     j - +0 dagger
rCold  . . .     Gourm    .     a - +0 robe
rNeg   . . .     Faith    .     (no shield)
rPois  .         Spirit   .     b - +0 hat
rElec  .         Reflect  .     (no cloak)
rCorr  .         Harm     .     (no gloves)
MR     .....                    (no boots)
Stlth  ++........               (no amulet)
                                (no ring)
                                (no ring)

@: no status effects
A: no striking features
a: no special abilities


You were on level 1 of the Dungeon.
You were not hungry.

You visited 1 branch of the dungeon, and saw 2 of its levels.

You collected 59 gold pieces.

Inventory:

Hand Weapons
 j - a +0 dagger (weapon)
Armour
 a - a +0 robe (worn)
 b - a +0 hat (worn)
Jewellery
 e - an uncursed ring of positive energy {unknown}
 i - an uncursed amulet of rage {unknown}
Potions
 g - 2 potions of ambrosia {unknown}
Books
 c - a book of Minor Magic

   Spells                             Type                      Level
   a - Magic Dart                     Conjuration                  1
   b - Blink                          Translocation                2
   c - Call Imp                       Summoning                    2
   d - Repel Missiles                 Charms/Air                   2
   e - Slow                           Hexes                        2
   f - Conjure Flame                  Conjuration/Fire             3
   g - Mephitic Cloud                 Conjuration/Poison/Air       3
Comestibles
 d - 2 bread rations
 f - a chunk of flesh
 h - 4 fruits


   Skills:
 + Level 2.6 Dodging
 + Level 2.2 Stealth
 + Level 4.5 Spellcasting
 + Level 1.5 Conjurations
   Level 0.8 Summonings
   Level 1.1 Translocations


You had 10 spell levels left.
You knew the following spells:

 Your Spells              Type           Power        Failure   Level  Hunger
a - Magic Dart            Conj           ##..         8%          1    None


Dungeon Overview and Level Annotations

Branches:
Dungeon (2/15)

Altars:

Annotations:
D:2 Robin


Message History

There is a stone staircase leading down here.
Casting: Magic Dart
Confirm with . or Enter, or press ? or * to list all spells.
Aiming: Magic Dart
Press: ? - help, Shift-Dir - straight line, f - goblin
Aim: a goblin, wielding a dagger (unusually strong)
The magic dart hits the goblin.
The goblin is moderately wounded.
The hobgoblin hits you with a club. The goblin misses you.
Casting: Magic Dart
Confirm with . or Enter, or press ? or * to list all spells.
Aiming: Magic Dart
Press: ? - help, Shift-Dir - straight line, f/p - goblin
Aim: a goblin, wielding a dagger (moderately wounded, unusually strong)
The magic dart hits the goblin.
The goblin is heavily wounded.
The hobgoblin closely misses you. The goblin closely misses you.
The hobgoblin misses you. The goblin barely misses you.
The goblin hits you with a dagger!
You die...

..≈≈...######### ################
...............# #...............
.###...#######.###.#.######.#####
## ##### #.....#.# #.##... #
#######.# ##.##... # #.....#
#....... # #.##### ##.##... #
####.## #.##.## # #...@.# #....#
# #..gg.# #.##.## # #.....#
####.#.(.. ##### #.....#
#....#.#.. ....# #>....#
#.####.### ....###### ###.### #.#
#.# .........######.# #.# #.#
....####.....##.# #.# #.###
....##..........# #.####.#..


You could see a hobgoblin and a goblin.

Vanquished Creatures
  A leopard gecko (D:1)
  3 bats
  A giant cockroach (D:1)
  8 goblins
  5 hobgoblins
  6 kobolds
  4 rats (D:1)
28 creatures vanquished.

Notes
Turn   | Place    | Note
-------+----------+-------------------------------------------
     0 | D:1      | devil0150 the High Elf Wizard began the quest for the Orb.
     0 | D:1      | Reached XP level 1. HP: 11/11 MP: 6/6
   290 | D:1      | Reached skill level 4 in Spellcasting
   363 | D:1      | Reached XP level 2. HP: 13/17 MP: 1/8
  1375 | D:2      | Reached XP level 3. HP: 21/21 MP: 5/9
  1380 | D:2      | Noticed Robin
  1402 | D:1      | Slain by a goblin

Skill      XL: |  1 |
---------------+----+-----
Spellcasting   | 4 |  4.5
Dodging        | |  2.6
Stealth        | |  2.2
Conjurations   | |  1.5
Summonings     | |  0.8
Translocations | |  1.1

Action                   || total
-------------------------++-------
Melee: Unarmed           ||     2
       Dagger            ||    10
 Cast: Magic Dart        ||    80
  Use: Scroll            ||     3
  Eat: Chunk             ||     1
Armor: Robe              ||     5
Dodge: Dodged            ||    23
